 Dungeon Crawl Stone Soup version 0.29-a0-1023-g6ae1a4a2c7 (webtiles) character file.

Game seed: 6371546654790086818

171 Araneus the Cudgeller (level 5, -2/41 HPs)
             Began as a Demonspawn Fighter on Aug 11, 2022.
             Slain by a kobold
             ... wielding a +1 short sword of distortion
              (4 damage)
             ... on level 4 of the Dungeon.
             The game lasted 00:04:12 (3765 turns).

Araneus the Cudgeller (Demonspawn Fighter)          Turns: 3765, Time: 00:04:12

Health: -2/41      AC:  6    Str: 19    XL:     5   Next: 26%
Magic:  5/5        EV: 14    Int:  9    God:
Gold:   225        SH:  4    Dex: 12    Spells: 4/4 levels left

rFire   . . .      SeeInvis .   a - +0 flail
rCold   . . .      Faith    .   c - +0 buckler
rNeg    . . .      Spirit   .   b - +0 scale mail
rPois   .          Reflect  .   (no helmet)
rElec   .          Harm     .   (no cloak)
rCorr   .          Rampage  .   (no gloves)
Will    .....                   (no boots)
Stlth   ..........              (no amulet)
HPRegen 0.13/turn               n - +4 ring of slaying
MPRegen 0.09/turn               (no ring)

@: agile
A: claws 2, powered by pain 1, sturdy frame 1
a: no special abilities


You were on level 4 of the Dungeon.
You visited 1 branch of the dungeon, and saw 4 of its levels.

You collected 225 gold pieces.

Inventory:

Hand Weapons
 a - a +0 flail (weapon)
Armour
 b - a +0 scale mail (worn)
 c - a +0 buckler (worn)
Jewellery
 n - a +4 ring of slaying (left claw)
 t - a ring of fire
 u - an amulet of regeneration
 w - a ring of fire
Wands
 h - a wand of paralysis (5)
Scrolls
 f - 6 scrolls of identify {unknown}
 g - a scroll of magic mapping {unknown}
 j - a scroll of vulnerability {unknown}
 l - a scroll of amnesia {unknown}
 m - a scroll of acquirement {unknown}
 p - 2 scrolls of teleportation {unknown}
 q - a scroll of immolation {unknown}
 r - a scroll of brand weapon {unknown}
 s - 2 scrolls of blinking {unknown}
 x - a scroll of poison {unknown}
Potions
 d - 3 potions of might
 e - 3 potions of curing
 i - a potion of brilliance {unknown}
 k - 2 potions of invisibility {unknown}
 o - a potion of flight {unknown}
 v - a potion of heal wounds {unknown}
 z - a potion of attraction {unknown}


   Skills:
 - Level 3.0 Fighting
 + Level 5.1 Maces & Flails
 - Level 2.6 Armour
 + Level 2.6 Shields


You had 4 spell levels left.
You didn't know any spells.
Your spell library contained the following spells:

 Spells                   Type           Power      Damage    Failure   Level
 Freeze                   Ice            0%         1d3       73%         1
 Shock                    Conj/Air       0%         1d3       73%         1
 Slow                     Hex            0%         N/A       73%         1
 Confusing Touch          Hex            0%         N/A       97%         3
 Frozen Ramparts          Ice            0%         1d1       97%         3
 Vampiric Draining        Necr           0%         2d6       97%         3
 Hailstorm                Conj/Ice       0%         3d3       100%        4


Dungeon Overview and Level Annotations

Branches:
Dungeon (4/15)
 Temple: D:4-7

Altars:
Gozag
Ru
Lugonu

Shops:
D:2 (

Portals:
Abyss: D:4

Annotations:
D:4 3 runed translucent doors


Innate Abilities, Weirdness & Mutations

You have very sharp fingernails.
You sometimes gain a little power by taking damage.
Your movements are slightly less encumbered by armour. (ER -2)


Message History

You hit the kobold.
The kobold is moderately wounded.
The kobold hits you but does no damage. The kobold barely misses you.
You closely miss the kobold.
The kobold is moderately wounded.
The kobold closely misses you. The kobold barely misses you.
The kobold hits you but does no damage. The kobold barely misses you.
You closely miss the kobold.
The kobold is moderately wounded.
The kobold hits you with a +0 dagger. The kobold barely misses you.
You hit the kobold.
The kobold is severely wounded.
You block the kobold's attack.
The kobold hits you with a +2 rapier of distortion.
You blink.
You sock the kobold!
You kill the kobold!
You miss the kobold.
The kobold hits you with a +1 short sword of distortion.
Space warps around you. The kobold closely misses you.
You hit the kobold.
You kill the kobold!
The kobold hits you but does no damage. Space warps horribly around you.
You sock the kobold!
You kill the kobold!
The kobold hits you with a +1 short sword of distortion.
You hit the kobold.
The kobold is heavily wounded.
The kobold hits you but does no damage. Space warps horribly around you!!
* * * LOW HITPOINT WARNING * * *
You focus on the pain.
You feel agile all of a sudden.
You are too injured to fight recklessly!
You are too injured to fight recklessly!
You closely miss the kobold.
The kobold is heavily wounded.
The kobold hits you but does no damage. Space warps around you.
* * * LOW HITPOINT WARNING * * *
The kobold hits you with a +1 short sword of distortion.
You die...

..### #.#####.##
....+...# ### #####
#..# ..#...# # ###
§##§§..##.## #...#
##.#.§§#....##..#
##..#
###..#K§§§§§§..##.#
#..<#
.....#..§##.§...'.#
#.....#
##<..##.###.§).K'.#
#...).# #..## ##
#....##)# #......
#..# #...##@K#
##...... #..# #.#.
#.## #.#..... #..#
# # #.# #.####...
#..# #.# #. ...#
#... ... ...# ..#
..## .. ...


You could see a kobold.

Vanquished Creatures
  4 gnolls (D:3)
  8 adders
  3 worms
  2 dart slugs (D:3)
  An orc (D:3)
  3 bats
  2 endoplasms (D:2)
  2 goblins (D:2)
  4 hobgoblins
  5 quokkas
  6 ball pythons
  4 frilled lizards
  6 kobolds
  5 rats
55 creatures vanquished.

Vanquished Creatures (others)
  A plant (D:3)
1 creature vanquished.

Grand Total: 56 creatures vanquished

Notes
Turn   | Place    | Note
-------+----------+-------------------------------------------
     0 | D:1      | Araneus the Demonspawn Fighter began the quest for the Orb.
     0 | D:1      | Reached XP level 1. HP: 18/18 MP: 1/1
   123 | D:1      | Reached skill level 2 in Maces & Flails
   174 | D:1      | Found a faded altar of an unknown god.
   184 | D:1      | Got Plato's Codex of Vapour
   944 | D:2      | Gained mutation: You have sharp fingernails. [demonic
                  | ancestry]
   944 | D:2      | Reached XP level 2. HP: 22/24 MP: 2/2
  1122 | D:2      | Reached skill level 3 in Maces & Flails
  1130 | D:2      | Gained mutation: Your movements are slightly less
                  | encumbered by armour. (ER -2) [demonic ancestry]
  1130 | D:2      | Reached XP level 3. HP: 7/29 MP: 3/3
  1451 | D:2      | Found Zarif's Antique Weapon Shoppe.
  1833 | D:2      | Gained mutation: You have very sharp fingernails. [demonic
                  | ancestry]
  1833 | D:2      | Reached XP level 4. HP: 35/35 MP: 4/4
  1922 | D:2      | Reached skill level 4 in Maces & Flails
  2647 | D:3      | Found a sacrificial altar of Ru.
  2747 | D:3      | Identified the +0 robe of Agoraphobia {rC+ rCorr}
  3104 | D:3      | Gained mutation: You sometimes gain a little power by
                  | taking damage. [demonic ancestry]
  3104 | D:3      | Reached XP level 5. HP: 18/41 MP: 5/5
  3149 | D:3      | Reached skill level 5 in Maces & Flails
  3678 | D:4      | Found a runed translucent gate.
  3678 | D:4      | Found a runed translucent gate.
  3678 | D:4      | Found an opulent altar of Gozag.
  3678 | D:4      | Found a runed translucent gate.
  3683 | D:4      | Found a one-way gate to the infinite horrors of the Abyss.
  3747 | D:4      | Found a large runed translucent door.
  3747 | D:4      | Found a large runed translucent door.
  3748 | D:4      | Found a corrupted altar of Lugonu.
  3765 | D:4      | HP: 2/41 [kobold/+1 short sword of distortion (2)]
  3765 | D:4      | Slain by a kobold

Illustrated notes

Levels and vault maps discovered:
D:1:      dpeg_arrival_water_temple_mockup, layout_basic,
          shapermc_ecumenical_altar_rom_forum, glass_columns_a,
          hangedman_decor_clover_reticule, nicolae_figureground_pulse
D:2:      layout_rooms, serial_shops,
          nicolae_shop_temple_entry_statues_fountains, minmay_snake_closets
D:3:      layout_loops_corners, nicolae_ru_awakened_eye, minmay_crystal_room,
          serial_bayou_lake_a
D:4:      due_chaos_kobolds, layout_loops_ring, palyth_temple_overflow_mages,
          ebering_ghost_gozag, minmay_shop_damaged, serial_bayou_ford_a

Skill      XL: |  1  2  3  4  5 |
---------------+----------------+-----
Maces & Flails | 2 3 4 5 |  5.1
Fighting       | |  3.0
Armour         | |  2.6
Shields        | |  2.6

Action                   |  1- 3 |  4- 6 || total
-------------------------+-------+-------++-------
Melee: Flail             |    99 |    78 ||   177
  Use: Potion            |     2 |       ||     2
Armor: Scale mail        |    54 |    27 ||    81
Dodge: Dodged            |    62 |    34 ||    96
Block: Buckler           |    23 |    12 ||    35

Table legend: (Time is in decaauts)
 A = Elapsed time spent in this place.
 B = Non-inter-level travel time spent in this place.
 C = Inter-level travel time spent in this place.
 D = Time resting spent in this place.
 E = Time spent auto-exploring this place.
 F = Levels seen in this place.
 G = Mean time per level.
                   A        B        C        D        E       F      G
               +--------+--------+--------+--------+--------+-----+--------+
         Total |   3829 |   3771 |     58 |     26 |   3305 |   4 |  957.2 |
       Dungeon |   3829 |   3771 |     58 |     26 |   3305 |   4 |  957.2 |
               +--------+--------+--------+--------+--------+-----+--------+

Top non-repeatable levels by time:
     D:3: 1455 daAuts
     D:2: 1393 daAuts
     D:1: 893 daAuts
     D:4: 86 daAuts
